AoeStats
← RosConor

Arena

509845142Analyzed
4v4 RM · 6d ago on Sep 28, 2026· 50m 51s· 8 players
Game mode
Random Map
Map size
Large (8 player)
Population
200
Speed
Normal
Resources
Standard
Victory
Conquest
Starting age
Dark Age
Ending age
Imperial Age
RankedLock teamsTeams togetherTeam positionsShared explorationLock speedFull tech treeHidden civsTurbo modeCheats
Victory
Defeat
🇦🇷 Wei · Argentina
744
+15
🇨🇳 Mongols · China
715
+17
🇨🇳 Burgundians · China
662
+19
🇦🇺 Bohemians · Australia
654
+19
🇧🇪 Franks · Belgium
786
-19
🇬🇧 Romans · United Kingdom
731
-18
🇹🇷 Bohemians · Türkiye
730
-18
🇫🇷 Italians · France
655
-15
Podocytoma
1:27 Loom
15:20 Feudal Age
19:24 Castle Age
17:16 Double-Bit Axe
18:26 Gold Mining
23:10 Scale Barding Armor
23:16 Forging
23:11 Husbandry
26:56 Ballistics
27:32 Padded Archer Armor
27:22 Fletching
31:59 Leather Archer Armor
31:34 Fletching
40:30 Imperial Age
39:16 Gold Shaft Mining
39:18 Wheelbarrow
43:04 Fortified Wall
43:55 Chemistry
43:56 Man-at-Arms
44:37 Squires
alexisben78
0:29 Loom
10:45 Feudal Age
11:17 Double-Bit Axe
13:39 Gold Mining
19:41 Castle Age
19:20 Forging
18:45 Man-at-Arms
20:33 Stone Mining
21:05 Long Swordsman
26:32 Bow Saw
32:29 Scale Mail Armor
32:30 Padded Archer Armor
32:22 Fletching
38:37 Imperial Age
35:49 Light Cavalry
37:54 Bodkin Arrow
38:00 Murder Holes
37:46 Pikeman
39:10 Bloodlines
40:09 Cavalier
44:36 Capped Ram
44:40 Onager
Dmitry Petrovich
19:34 Loom
21:20 Feudal Age
25:16 Double-Bit Axe
25:20 Horse Collar
26:14 Fletching
26:25 Padded Archer Armor
29:34 Castle Age
28:11 Forging
28:01 Scale Mail Armor
28:06 Scale Barding Armor
30:39 Bodkin Arrow
31:21 Iron Casting
31:02 Leather Archer Armor
31:03 Chain Mail Armor
31:09 Chain Barding Armor
30:53 Heavy Plow
32:12 Caravan
33:12 Coinage
33:19 Coinage
33:07 Husbandry
33:17 Town Watch
34:07 Wheelbarrow
36:17 Hand Cart
36:03 Town Patrol
42:05 Imperial Age
42:01 Chemistry
41:22 Ballistics
40:58 Murder Holes
41:13 Fortified Wall
41:14 Masonry
42:21 Cavalier
43:07 Bracer
45:27 Blast Furnace
44:58 Plate Mail Armor
47:00 Elite Hussite Wagon
48:24 Architecture
47:41 Arrowslits
RosConor
0:33 Loom
13:55 Feudal Age
14:32 Double-Bit Axe
20:30 Castle Age
18:52 Gold Mining
19:11 Stone Mining
20:49 Forging
20:45 Scale Barding Armor
20:42 Padded Archer Armor
20:35 Fletching
21:08 Scale Mail Armor
22:39 Bow Saw
25:20 Gold Shaft Mining
31:55 Imperial Age
29:37 Town Watch
30:12 Ordonnance Companies
31:22 Leather Archer Armor
32:38 Wheelbarrow
32:29 Bodkin Arrow
35:39 Heavy Mounted Crossbowman
36:14 Cranequins
37:17 Cavalier
38:02 Husbandry
38:26 Conscription
40:32 Paladin
42:03 Chain Mail Armor
42:23 Chain Barding Armor
42:53 Iron Casting
47:57 Hoardings
怎么就违规了
9:29 Feudal Age
14:19 Castle Age
13:56 Loom
14:59 Double-Bit Axe
16:52 Horse Collar
18:10 Bow Saw
24:15 Fletching
24:31 Scale Barding Armor
24:36 Forging
24:29 Padded Archer Armor
25:08 Wheelbarrow
24:18 Town Watch
24:35 Heavy Plow
24:29 Stone Mining
24:34 Gold Mining
25:46 Bodkin Arrow
26:57 Ballistics
27:53 Hand Cart
29:28 Chain Barding Armor
30:32 Leather Archer Armor
33:03 Fortified Wall
33:03 Masonry
32:49 Murder Holes
33:14 Forging
33:39 Thumb Ring
34:27 Stone Mining
35:13 Gold Shaft Mining
34:50 Husbandry
35:06 Bloodlines
36:31 Nomads
39:30 Imperial Age
39:05 Town Patrol
39:55 Iron Casting
39:53 Caravan
39:35 Heavy Cavalry Archer
40:41 Parthian Tactics
40:49 Conscription
40:13 Sappers
41:00 Capped Ram
45:13 Chemistry
44:26 Bracer
45:26 Blast Furnace
PNAL | Franco El Proctologo
10:07 Loom
12:17 Feudal Age
13:18 Horse Collar
15:07 Wheelbarrow
14:21 Double-Bit Axe
20:31 Castle Age
18:49 Stone Mining
19:43 Gold Mining
21:04 Forging
21:38 Hand Cart
29:12 Heavy Plow
35:13 Imperial Age
33:35 Husbandry
33:48 Bloodlines
32:59 Light Cavalry
34:04 Forging
34:00 Scale Barding Armor
36:19 Bow Saw
36:46 Crop Rotation
36:53 Gold Shaft Mining
36:53 Stone Shaft Mining
36:58 Heavy Hei Guang Cavalry
41:30 Chemistry
44:07 Chain Barding Armor
44:23 Iron Casting
44:03 Hussar
47:56 Blast Furnace
yawentseng1102
11:58 Feudal Age
17:10 Double-Bit Axe
18:01 Horse Collar
22:31 Castle Age
23:24 Pikeman
25:39 Caravan
34:22 Imperial Age
37:27 Wheelbarrow
39:00 Chemistry
42:13 Bow Saw
44:20 Heavy Plow
45:11 Hand Cart
Hz.
11:33 Feudal Age
16:55 Castle Age
16:14 Double-Bit Axe
18:19 Bow Saw
17:53 Horse Collar
21:28 Wheelbarrow
23:37 Gold Mining
23:37 Stone Mining
25:26 Heavy Plow
26:01 Fortified Wall
27:04 Masonry
27:53 Murder Holes
30:35 Two-Man Saw
32:07 Imperial Age
31:04 Crop Rotation
30:53 Hand Cart
32:03 Ballistics
32:25 Town Watch
33:56 Chemistry
38:20 Conscription
38:08 Onager
39:35 Cavalier
40:16 Husbandry
39:49 Elite Coustillier
40:38 Burgundian Vineyards
44:20 Scale Barding Armor
44:25 Forging
46:48 Iron Casting
46:34 Chain Barding Armor
Connection lost

Rejoining the realm…

Still unreachable

The connection could not be restored.

Session expired

The server has moved on; the page needs a fresh start.